General information
- name: Local Game (SparlScaR)
- type: Custom game
- host: SparlScaR
- saver: SparlScaR
map: GnollWood
- players: 6
- length: 03:47
- speed: Fast
- version: 1.23 W3XP
- replay type: Public
» download(35 KB)
Players
team 1 (winner)
SparlScaR (
red | 259 APM | 983 actions | 03:47)
1 Demon Hunter
1 Immolation
» actions
| Assign group hotkey | 9 | |
| Build / train | 15 | |
| Enter build submenu | 8 | |
| Enter hero's abilities submenu | 1 | |
| Right click | 410 | |
| Select / deselect | 69 | |
| Select group hotkey | 459 | |
| Use ability | 12 | |
983 total
» units
» buildings
| Altar of Elders | 1 | |
| Ancient of War | 3 | |
| Moon Well | 4 | |
8 total
» build order
00:03 Altar of Elders
00:19 Ancient of War
00:23 Moon Well
01:44 Moon Well
02:16 Moon Well
02:36 Ancient of War
03:07 Moon Well
03:19 Ancient of War
ricardim_dkt (
blue | 96 APM | 361 actions | 03:46)
1 Mountain King
1 Thunder Clap
» actions
| Assign group hotkey | 5 | |
| Build / train | 17 | |
| Enter build submenu | 11 | |
| Enter hero's abilities submenu | 1 | |
| Right click | 225 | |
| Select / deselect | 60 | |
| Select group hotkey | 28 | |
| Use ability | 14 | |
361 total
» units
» buildings
| Altar of Kings | 1 | |
| Lumber Mill | 1 | |
| Farm | 3 | |
| Scout Tower | 3 | |
| Guard Tower | 3 | |
| Keep | 2 | |
| Arcane Vault | 1 | |
14 total
» build order
00:06 Altar of Kings
00:10 Lumber Mill
00:18 Farm
01:36 Farm
02:05 Farm
02:17 Scout Tower
02:34 Guard Tower
02:50 Scout Tower
02:58 Keep
02:58 Keep
03:08 Guard Tower
03:08 Guard Tower
03:23 Arcane Vault
03:34 Scout Tower

»
honscarecrow (
purple | 44 APM | 167 actions | 03:46)
1 Blademaster
1 Wind Walk
» actions
| Basic commands | 3 | |
| Build / train | 15 | |
| Enter build submenu | 6 | |
| Enter hero's abilities submenu | 1 | |
| Right click | 79 | |
| Select / deselect | 51 | |
| Use ability | 12 | |
167 total
» units
» buildings
| Altar of Storms | 1 | |
| Orc Burrow | 2 | |
| Voodoo Lounge | 1 | |
| Barracks | 1 | |
| Stronghold | 1 | |
6 total
» build order
00:10 Altar of Storms
00:17 Orc Burrow
00:43 Voodoo Lounge
01:33 Barracks
01:45 Orc Burrow
02:43 Stronghold
» items
| Healing Salve | 2 | |
| Lesser Clarity Potion | 2 | |
4 total
team 2 (loser)
link515 (
teal | 60 APM | 227 actions | 03:46)
1 Demon Hunter
1 Mana Burn
» actions
| Assign group hotkey | 4 | |
| Build / train | 20 | |
| Enter build submenu | 7 | |
| Enter hero's abilities submenu | 1 | |
| Right click | 86 | |
| Select / deselect | 89 | |
| Select group hotkey | 9 | |
| Use ability | 11 | |
227 total
» units
» buildings
| Moon Well | 3 | |
| Altar of Elders | 1 | |
| Ancient of War | 2 | |
| Hunter's Hall | 1 | |
7 total
» build order
00:09 Moon Well
00:13 Altar of Elders
01:10 Ancient of War
01:16 Ancient of War
01:46 Moon Well
01:47 Moon Well
02:54 Hunter's Hall

»
xfirexx (
yellow | 39 APM | 137 actions | 03:28)
1 Blademaster
1 Wind Walk
» actions
| Build / train | 11 | |
| ESC pressed | 1 | |
| Enter build submenu | 7 | |
| Enter hero's abilities submenu | 1 | |
| Right click | 53 | |
| Select / deselect | 58 | |
| Use ability | 6 | |
137 total
» units
» buildings
| Altar of Storms | 1 | |
| Orc Burrow | 2 | |
| Barracks | 1 | |
| Voodoo Lounge | 1 | |
| Stronghold | 1 | |
6 total
» build order
00:06 Altar of Storms
00:32 Orc Burrow
00:45 Barracks
01:52 Orc Burrow
02:06 Voodoo Lounge
03:26 Stronghold

»
EatPigPlayTiger (
orange | 43 APM | 160 actions | 03:42)
1 Mountain King
1 Storm Bolt
» actions
| Assign group hotkey | 1 | |
| Build / train | 12 | |
| Enter build submenu | 10 | |
| Enter hero's abilities submenu | 1 | |
| Right click | 61 | |
| Select / deselect | 31 | |
| Select group hotkey | 32 | |
| Use ability | 12 | |
160 total
» units
» buildings
| Altar of Kings | 1 | |
| Farm | 4 | |
| Barracks | 1 | |
| Scout Tower | 1 | |
| Arcane Vault | 1 | |
| Arcane Tower | 1 | |
| Lumber Mill | 1 | |
10 total
» build order
00:13 Altar of Kings
00:20 Farm
00:39 Barracks
00:51 Scout Tower
01:42 Arcane Vault
01:56 Farm
02:00 Arcane Tower
02:29 Farm
02:32 Farm
02:51 Lumber Mill
Chat log
(01:50 / Allies) ricardim_dkt: gogogo